 Dungeon Crawl Stone Soup version 0.28-a0-577-gb193047a1f (webtiles) character file.

Game seed: 2773189698570111659

233 flyleaff the Magician (level 6, -5/44 HPs)
             Began as a Gnoll Wanderer on Oct 2, 2021.
             Slain by a gnoll (9 damage)
             ... on level 2 of the Dungeon.
             The game lasted 00:07:21 (2575 turns).

flyleaff the Magician (Gnoll Wanderer)              Turns: 2575, Time: 00:07:22

Health: -5/44      AC:  2    Str: 12    XL:     6   Next: 4%
Magic:  0/13       EV:  6    Int: 12    God:
Gold:   17         SH:  0    Dex: 12    Spells: 11/15 levels left

rFire   . . .      SeeInvis .   a - +2 dagger
rCold   . . .      Faith    .   (no shield)
rNeg    . . .      Spirit   .   c - +0 robe
rPois   .          Reflect  .   (no helmet)
rElec   .          Harm     .   (no cloak)
rCorr   .          Rampage  .   (no gloves)
Will    .....                   (no boots)
Stlth   ++........              (no amulet)
HPRegen 0.14/turn               (no ring)
MPRegen 0.13/turn               (no ring)

@: about to teleport, held
A: fangs 1, strong nose, distributed training
a: no special abilities


You were on level 2 of the Dungeon.
You visited 1 branch of the dungeon, and saw 2 of its levels.

You collected 67 gold pieces.
You spent 50 gold pieces at shops.

Inventory:

Hand Weapons
 a - a +2 dagger (weapon)
Armour
 c - a +0 robe (worn)
Scrolls
 j - a scroll of magic mapping {unknown}
Potions
 b - a potion of haste
 d - a potion of might
 e - a potion of lignification
 f - a potion of attraction {unknown}
 g - a potion of flight {unknown}
 h - 2 potions of invisibility {unknown}


   Skills:
 + Level 1.7 Fighting
 + Level 1.7 Short Blades
 + Level 1.7 Long Blades
 + Level 1.7 Axes
 + Level 1.7 Maces & Flails
 + Level 1.7 Polearms
 + Level 1.7 Staves
 + Level 1.7 Slings
 + Level 1.7 Bows
 + Level 4.9 Crossbows
 + Level 1.7 Throwing
 + Level 3.1 Armour
 + Level 1.7 Dodging
 + Level 2.9 Stealth
 + Level 3.1 Shields
 + Level 1.7 Unarmed Combat
 + Level 5.3 Spellcasting
 + Level 1.3 Conjurations
 + Level 1.3 Hexes
 + Level 1.3 Summonings
 + Level 2.5 Necromancy
 + Level 4.0 Translocations
 + Level 1.3 Transmutations
 + Level 1.3 Fire Magic
 + Level 1.3 Ice Magic
 + Level 1.3 Air Magic
 + Level 1.3 Earth Magic
 + Level 1.3 Poison Magic
 + Level 2.0 Invocations
 + Level 1.7 Evocations


You had 11 spell levels left.
You knew the following spells:

 Your Spells              Type           Power      Damage    Failure   Level
a - Sting                 Tmut/Pois      24%        1d4       11%         1
b - Magic Dart            Conj           24%        1d4       11%         1
c - Searing Ray           Conj           12%        2d4       17%         2

Your spell library contained the following spells:

 Spells                   Type           Power      Damage    Failure   Level
 Beastly Appendage        Tmut           12%        N/A       11%         1
 Corpse Rot               Necr/Air       N/A        N/A       13%         2
 Static Discharge         Conj/Air       6%         N/A       17%         2
 Wereblood                Tmut           6%         N/A       17%         2
 Spider Form              Tmut/Pois      3%         N/A       32%         3
 Fulminant Prism          Conj/Hex       3%         3d6       73%         4


Dungeon Overview and Level Annotations

Branches:
Dungeon (2/15)

Altars:

Shops:
D:2 *


Innate Abilities, Weirdness & Mutations

You have very sharp teeth.
Your uncanny sense of smell can sniff out nearby items.
Your experience applies equally to all skills.


Message History

The gnoll is almost dead.
The searing ray hits the gnoll.
The gnoll is severely wounded.
The gnoll hits you from afar with a +0 spear.
The searing ray hits the gnoll.
You kill the gnoll!
The searing ray hits the gnoll.
The gnoll is almost dead.
You finish channelling your searing ray.
The gnoll throws a throwing net.
The throwing net hits you.
You become entangled in the net!
You have reached level 6!
Your experience leads to an increase in your attributes!
Increase (S)trength, (I)ntelligence, or (D)exterity?
Uppercase letters only, please.
You feel clever.
Casting: Searing Ray (safe; 17% risk of failure)
Confirm with . or Enter, or press ? or * to list all spells.
Aiming: Searing Ray (safe; 17% risk of failure)
Press: ? - help, Shift-Dir - straight line, f - gnoll
Aim: a gnoll, wielding a +0 flail (lightly wounded, 77% to hit)
The searing ray hits the gnoll.
The gnoll is moderately wounded.
The searing ray hits the gnoll.
You kill the gnoll! (Press . to maintain the ray.)
Your Invocations skill increases to level 2!
The searing ray hits the gnoll.
The gnoll is severely wounded.
The gnoll hits you with a +0 flail.
Without enough magic to sustain it, your searing ray dissipates.
The gnoll hits you with a +0 flail! The gnoll hits you with a +0 flail!
* * * LOW HITPOINT WARNING * * *
You struggle against the net.
The gnoll hits you with a +0 flail!
* * * LOW HITPOINT WARNING * * *
As you read the scroll labelled WOARAG ZIMAPN, it crumbles to dust.
You feel strangely unstable.
It was a scroll of teleportation.
The gnoll hits you with a +0 flail!
You die...

..........(......####
.................####
###########+#.....##.
#.#.###.... #.#.#.#.###
. #.#.##.##.# ...
#..).#...##
..!..#########..##...#..
....))g@........#.##.##.
.....##########.###.#[#.
... .............###. #
†######....#.....
#....########.# #.##.###
#.# #.##...# #.#
#.####.# #.# #.####.#
#.#


You could see a gnoll.

Vanquished Creatures
  Sigmund (D:2)
  2 gnolls (D:2)
  2 adders (D:2)
  5 ball pythons
  An endoplasm (D:2)
  A giant cockroach (D:1)
  2 hobgoblins (D:1)
  A kobold (D:2)
  2 quokkas
  5 bats
  3 frilled lizards (D:1)
  8 goblins (D:1)
  A rat (D:2)
34 creatures vanquished.

Vanquished Creatures (others)
  3 plants (D:1)
3 creatures vanquished.

Grand Total: 37 creatures vanquished

Notes
Turn   | Place    | Note
-------+----------+-------------------------------------------
     0 | D:1      | flyleaff the Gnoll Wanderer began the quest for the Orb.
     0 | D:1      | flyleaff set off with the following items: a +2 dagger, a
                  | potion of haste, a +0 robe; and the following spell
                  | memorised: Sting; and the following spells available to
                  | memorise: Corpse Rot, Static Discharge, Spider Form
     0 | D:1      | Reached XP level 1. HP: 13/13 MP: 6/6
   280 | D:1      | Reached XP level 2. HP: 19/19 MP: 7/7
   700 | D:1      | You fall into a shaft and drop 1 floor!
   758 | D:2      | Learned a level 1 spell: Magic Dart
  1067 | D:1      | Found a faded altar of an unknown god.
  1535 | D:2      | Found Riythiaph's Assorted Antiques.
  1545 | D:2      | Bought a scroll of identify for 50 gold pieces
  1610 | D:2      | Reached XP level 3. HP: 24/25 MP: 7/9
  1617 | D:2      | Reached skill level 5 in Spellcasting
  1775 | D:2      | Reached skill level 1 in Invocations
  1856 | D:2      | Noticed Sigmund
  1861 | D:2      | Learned a level 2 spell: Searing Ray
  1877 | D:2      | Killed Sigmund
  1878 | D:2      | Reached skill level 1 in Fighting
  1878 | D:2      | Reached skill level 1 in Short Blades
  1878 | D:2      | Reached skill level 1 in Long Blades
  1878 | D:2      | Reached skill level 1 in Axes
  1878 | D:2      | Reached skill level 1 in Maces & Flails
  1878 | D:2      | Reached skill level 1 in Polearms
  1878 | D:2      | Reached skill level 1 in Staves
  1878 | D:2      | Reached skill level 1 in Slings
  1878 | D:2      | Reached skill level 1 in Bows
  1878 | D:2      | Reached skill level 1 in Throwing
  1878 | D:2      | Reached skill level 1 in Dodging
  1878 | D:2      | Reached skill level 1 in Unarmed Combat
  1878 | D:2      | Reached skill level 1 in Conjurations
  1878 | D:2      | Reached skill level 1 in Hexes
  1878 | D:2      | Reached skill level 1 in Summonings
  1878 | D:2      | Reached skill level 1 in Transmutations
  1878 | D:2      | Reached skill level 1 in Fire Magic
  1878 | D:2      | Reached skill level 1 in Ice Magic
  1878 | D:2      | Reached skill level 1 in Air Magic
  1878 | D:2      | Reached skill level 1 in Earth Magic
  1878 | D:2      | Reached skill level 1 in Poison Magic
  1878 | D:2      | Reached skill level 1 in Evocations
  1878 | D:2      | Reached XP level 4. HP: 7/32 MP: 1/11
  1878 | D:2      | Reached XP level 5. HP: 8/37 MP: 1/12
  2570 | D:2      | Reached XP level 6. HP: 38/44 MP: 3/13
  2575 | D:2      | Slain by a gnoll

Illustrated notes

Levels and vault maps discovered:
D:1:      dpeg_arrival_stone_temple_mockup, layout_basic, serial_forest,
          infiniplex_forest_clump_small, infiniplex_forest_clump_double,
          infiniplex_forest_corner_1, infiniplex_forest_lined_room_2,
          infiniplex_forest_clump_double, infiniplex_forest_clump_double,
          infiniplex_forest_pool, shapermc_ecumenical_altar_mp_vishouse
D:2:      layout_basic, serial_shops, nicolae_lakefront_shop,
          minmay_misc_feat_rugged, minmay_heptomino_o4, uniq_sigmund

Skill      XL: |  1  2  3  4  5  6 |
---------------+-------------------+-----
Necromancy     | 2 |  2.5
Spellcasting   | 5 |  5.3
Invocations    | 1 2 |  2.0
Fighting       | 1 |  1.7
Short Blades   | 1 |  1.7
Long Blades    | 1 |  1.7
Axes           | 1 |  1.7
Maces & Flails | 1 |  1.7
Polearms       | 1 |  1.7
Staves         | 1 |  1.7
Slings         | 1 |  1.7
Bows           | 1 |  1.7
Throwing       | 1 |  1.7
Armour         | 3 |  3.1
Dodging        | 1 |  1.7
Shields        | 3 |  3.1
Unarmed Combat | 1 |  1.7
Conjurations   | 1 |  1.3
Hexes          | 1 |  1.3
Summonings     | 1 |  1.3
Translocations | 4 |  4.0
Transmutations | 1 |  1.3
Fire Magic     | 1 |  1.3
Ice Magic      | 1 |  1.3
Air Magic      | 1 |  1.3
Earth Magic    | 1 |  1.3
Poison Magic   | 1 |  1.3
Evocations     | 1 |  1.7
Crossbows      | |  4.9
Stealth        | |  2.9

Action                   |  1- 3 |  4- 6 || total
-------------------------+-------+-------++-------
Melee: Dagger            |    74 |     9 ||    83
       Bite              |     4 |       ||     4
 Cast: Sting             |    10 |       ||    10
       Magic Dart        |     8 |    10 ||    18
       Searing Ray       |     1 |     2 ||     3
  Use: Scroll            |     3 |     1 ||     4
 Stab: Sleeping          |     3 |       ||     3
Armor: Robe              |    25 |       ||    25
Dodge: Dodged            |    38 |     6 ||    44

Table legend: (Time is in decaauts)
 A = Elapsed time spent in this place.
 B = Non-inter-level travel time spent in this place.
 C = Inter-level travel time spent in this place.
 D = Time resting spent in this place.
 E = Time spent auto-exploring this place.
 F = Levels seen in this place.
 G = Mean time per level.
                   A        B        C        D        E       F      G
               +--------+--------+--------+--------+--------+-----+--------+
         Total |   2574 |   2513 |     61 |      0 |   2213 |   2 | 1287.0 |
       Dungeon |   2574 |   2513 |     61 |      0 |   2213 |   2 | 1287.0 |
               +--------+--------+--------+--------+--------+-----+--------+

Top non-repeatable levels by time:
     D:1: 1348 daAuts
     D:2: 1226 daAuts
